cohdb
Replays
Latest Replays
All Replays
Popular Replays
Top Player Replays
Match Explorer
How It Works
Community
CoH3 Stats
Reddit
Sign in to upload your games and track your stats! →
Sign in with Steam
Match 23759784
Unlisted
Match 23759784
Overview
Messages
Build Orders
End
Selects Italian Combined Arms Battlegroup
Selects Bersaglieri Squad
Bersaglieri Squad
Bersaglieri Squad
Construct Light Support Kompanie
Panzerjäger Squad
Bersaglieri Squad
Selects Bersaglieri Bolster
2.5-tonne Medical Truck
Fire Support Elements
Panzerjäger Squad
le.IG 18 Mechanized Group
Selects Semovente da 75/18 Assault Gun
2.5-tonne Medical Truck
Selects Carro Armato M13/40 Light Tank
Panzerjäger Squad
Selects Pact of Steel
Construct Panzerarmee Kommand
2.5-tonne Medical Truck
Selects Vehicle Support - Force Recon
Rapid Advance
Emergency Repair Kits
Vehicle Survival Package
Carro Armato M13/40 Light Tank
【嗜血狼族】灵狐魅儿
EZ
菲蕾嘉
古德里安
BiliBilI_24073386_狐狸
有摆子
Seiun Sky
白起
0
0
Comments
sign in to comment!
No comments posted yet!